[Event "Czech Open Rapid G1 2024"]
[Site "Pardubice"]
[Date "2024.07.18"]
[Round "7.16"]
[White "Bouska, Jiri"]
[Black "Jares, Michal"]
[Result "1-0"]
[Annotator "TA"]
[ECO "B12"]
[WhiteElo "2222"]
[BlackElo "2382"]
[PlyCount "117"]
[EventDate "2024.07.16"]
[EventType "swiss"]
[EventCountry "CZE"]
[SourceTitle "playchess.com"]
[Source "ChessBase"]
[SourceQuality "1"]
[TimeControl "1200+10"]

1. e4 c6 2. d4 d5 3. f3 Qb6 4. Nc3 dxe4 5. Nxe4 Nf6 6. c3 {[%emt 0:00:31] B12: Caro-Kann: Advance Variation.} Nbd7 7. Bd3 e6 8. a4 $146 ({Predecessor:} 8. Ne2 Be7 9. O-O O-O 10. Kh1 c5 11. dxc5 Nxc5 12. Nxc5 Qxc5 13. Qc2 b6 14. Ng3 {0-1 Willow,J (2427)-Speelman,J (2492) UK Blitz op Final 2023 (4)}) 8... a5 9. Ne2 Be7 10. Qc2 Nd5 11. Bd2 O-O 12. Nf2 f5 13. O-O N7f6 14. Kh1 Bd7 15. Rfe1 Rae8 16. Nf4 Bd6 17. N2h3 Qc7 18. Qc1 e5 19. Nxd5 Nxd5 20. dxe5 Rxe5 21. Rxe5 Bxe5 22. f4 Bd6 23. Qf1 (23. c4 $11 Nb4 24. c5 Nxd3 25. Qc4+ Kh8 26. cxd6 Qxd6 27. Bxa5) 23... Kh8 24. Re1 h6 25. Qf3 Nf6 26. Nf2 b5 27. axb5 (27. Bc2 $11) 27... cxb5 $17 28. Bb1 Qb6 (28... Bc6 $17 29. Qe2 Re8 (29... Bxf4 $2 30. Bxf4 Qxf4 31. Nd3 $17)) 29. Be3 Qc7 30. Nd3 Bc6 31. Qf1 Be4 32. Bd4 Qf7 (32... Kh7 $11) 33. Be5 Be7 34. Nf2 Bxb1 35. Rxb1 b4 36. cxb4 Bxb4 37. Rd1 Qh5 38. Qd3 Be7 39. Qc2 Re8 40. h3 Qg6 41. Qc6 Kh7 42. Kg1 Qf7 43. Qc2 Qe6 44. g4 g6 45. gxf5 gxf5 46. Kf1 Rg8 47. Qe2 $2 {[%emt 0:00:23] [#]} (47. Qc7 $11 Qa6+ 48. Rd3) 47... Rg7 $2 (47... Qc6 $1 $17 {[%cal Rc6g2] ...Qg2+ would now be deadly.} 48. Rd4 Qg2+ 49. Ke1 Rc8) 48. Rc1 Bb4 49. Rc7 Rxc7 50. Bxc7 Ne4 (50... Qc6 {feels hotter.} 51. Be5 Kg6 52. Qd3 Be7) 51. Nxe4 fxe4 52. Kg2 Bc5 ({Black should try} 52... Qg6+ $11 53. Kh2 h5) 53. Be5 ({Better is} 53. Bxa5 $14 Qd5 54. Be1) 53... Qd5 54. Kh2 Qd3 $2 (54... Bb4 $11) 55. Qg2 Bf8 56. f5 Qa6 57. Qxe4 Be7 58. f6+ Kg8 59. Qg6+ 1-0

[Event "Czech Open Rapid G1 2024"]
[Site "Pardubice"]
[Date "2024.07.18"]
[Round "7.17"]
[White "Ocelak, Jakub"]
[Black "Kusa, Jakub"]
[Result "0-1"]
[Annotator "TA"]
[ECO "D00"]
[WhiteElo "2206"]
[BlackElo "2423"]
[PlyCount "132"]
[EventDate "2024.07.16"]
[EventType "swiss"]
[EventCountry "CZE"]
[SourceTitle "playchess.com"]
[Source "ChessBase"]
[SourceQuality "1"]
[TimeControl "1200+10"]

1. d4 Nf6 2. Nc3 d5 3. Bf4 a6 4. e3 Bf5 5. Bd3 Bxd3 6. cxd3 e6 7. Qb3 b6 8. Nf3 {[%emt 0:00:03] White is slightly better.} Nbd7 9. e4 c6 10. O-O Be7 11. e5 Nh5 12. Be3 g5 13. Rac1 Ng7 14. Ne2 c5 15. dxc5 bxc5 16. Qa4 O-O 17. Ng3 h6 {[%emt 0:01:17] [#]} 18. h4 d4 $1 $15 (18... gxh4 $6 19. Bxh6 (19. Ne2 Nf5 $11) 19... Kh7 (19... hxg3 20. Qg4 $16) 20. Bxg7 Kxg7 21. Qg4+ Kh7 22. Qh3 $14) 19. Bd2 g4 20. Nh2 (20. Ba5 $2 Qe8 21. Nxd4 cxd4 22. Qxd4 f6 (22... Bxh4 23. Bb4 $17) 23. exf6 Bxf6 (23... Nxf6 $2 24. Rc4 $19) 24. Qxg4 Bxb2 $17 (24... Ne5 25. Qe4 $15)) 20... h5 (20... Nxe5 $15 21. Bxh6 Rb8 (21... Bxh4 22. Bxg7 Kxg7 23. Rxc5 $11)) 21. Bh6 $11 Nxe5 22. Qd1 ({White should try} 22. Bxg7 $11 Kxg7 23. Nxh5+ Kh8 24. Qd1) 22... Bxh4 (22... f5 $1 $15 23. Bxg7 Kxg7) 23. Bxg7 ({Only move:} 23. Nxh5 $1 $14 Nxh5 24. Rxc5) 23... Bxg3 $15 24. Bxf8 Bxh2+ 25. Kxh2 Qxf8 (25... Kxf8 $15 26. Kg1 (26. Rxc5 $2 Qd6 $19) 26... Qd5) 26. Qd2 $1 $11 Qe7 27. Qf4 {[%emt 0:02:06][%mdl 1024] White has compensation.} Ng6 $40 {[%emt 0:01:16][%mdl 128] Black is up to no good.} (27... Nxd3 $2 28. Qe4 $18) 28. Qe4 {[%emt 0:00:27] [#]} (28. Qh6 $1 $11 {and White stays safe.}) 28... Rd8 $1 $19 29. Rfe1 (29. a3 $17) 29... Rd5 30. Kg1 {[%emt 0:00:13][%cal Oe4d5] Strongly threatening Qxd5!} Qg5 31. b4 cxb4 32. Rc8+ Kg7 33. Rec1 Ne5 {[%emt 0:01:27][%cal Oe5f3] Hoping for ...Nf3+!} 34. Kh1 h4 (34... g3 $142 {aiming for ...Ng4.} 35. fxg3 Qxg3) 35. f4 gxf3 36. gxf3 {[%emt 0:00:02] Black must now prevent Rg1.} Ng6 37. Rg1 {[%emt 0:00:14] Repels Qg3} Qf5 38. Qxf5 (38. Rg2 {is a better defense.}) 38... Rxf5 {[%emt 0:00:01][%mdl 4096] Endgame. KRR-KRN} ({Not} 38... exf5 39. f4 $11) 39. Rc4 a5 ({Don't play} 39... Rxf3 40. Rxd4 a5 41. Rg5) 40. Rxd4 Rxf3 41. Rxh4 Rxd3 42. Rh5 Ra3 43. Rg2 Kf6 44. Rf2+ Ke7 45. Rg5 e5 46. Rgf5 Rh3+ ({Better is} 46... Ke6 $17 {Threatens to win with ...Nf4.} 47. Rxf7 Nf4) 47. Kg1 Rh7 48. a3 bxa3 49. R5f3 Nf4 50. Ra2 Ke6 ({Resist} 50... Rh3 51. Rfxa3 Nd3 52. Rd2 $15) 51. Raxa3 Kf5 52. Rxa5 Kg4 53. Re3 f6 54. Ra6 Kf5 55. Rb3 Rg7+ 56. Kf1 Rc7 57. Rbb6 Rc1+ 58. Kf2 Nd5 59. Rd6 Rc2+ 60. Ke1 Rc5 61. Rac6 Rb5 62. Kf2 e4 63. Rc4 Ke5 64. Rd8 {[%emt 0:00:06] [#]} (64. Rdc6 $1 $11) 64... f5 ({Black should play} 64... Kf4 $1 $17 {...Rb2+ would now be deadly.} 65. Rh8 Rb2+ 66. Kg1 f5) 65. Ke1 (65. Rdc8 $1 $11 {keeps the balance.}) 65... Ne3 66. Rc5+ $2 Rxc5 {[%emt 0:00:04] Weighted Error Value: White=0.26 (precise) /Black=0.20 (precise) .  Loses game:     	White=1     	---        Mistake:       	White=8     	Black=6      Inaccurate:     	White=3     	Black=5      OK:         	White=16    	Black=27     Best:        	White=4     	Black=4      Strong:       	White=1     	Black=1} 0-1

[Event "Czech Open Rapid G1 2024"]
[Site "Pardubice"]
[Date "2024.07.18"]
[Round "7.18"]
[White "Lihotsky, Lukas"]
[Black "Mica, Marek"]
[Result "0-1"]
[Annotator "TA"]
[ECO "D24"]
[WhiteElo "2129"]
[BlackElo "2375"]
[PlyCount "62"]
[EventDate "2024.07.16"]
[EventType "swiss"]
[EventCountry "CZE"]
[SourceTitle "playchess.com"]
[Source "ChessBase"]
[SourceQuality "1"]
[TimeControl "1200+10"]

1. d4 Nf6 2. c4 e6 3. Nf3 d5 4. Nc3 dxc4 5. e4 b5 6. e5 $1 Nd5 7. Nxb5 Nb6 8. Nc3 {[%emt 0:01:02] White is slightly better.} Nc6 9. Be2 Be7 10. Be3 O-O 11. a3 Rb8 12. O-O Bb7 13. Qc2 h6 14. Rad1 Na5 15. Ne4 Bd5 16. Nfd2 Qd7 17. Qc3 Qb5 (17... Nb3 $11 18. Nxb3 (18. Bxc4 $2 {loses.} Nxc4 19. Bxh6 Ncxd2 $19) 18... Na4) 18. b4 $16 Nb7 (18... Nc6 $16) 19. Bf4 (19. Nf6+ $18 Bxf6 20. exf6) 19... Qc6 20. Bf3 (20. Nf6+ $16 gxf6 21. Qh3 (21. Bxh6 Kh7 $11) 21... Bxg2 22. Qxg2+ Qxg2+ 23. Kxg2) 20... a5 21. Nc5 $2 {[%emt 0:00:18] [#]} ({But not} 21. bxa5 Na4 22. Qe3 Kh7 $11) (21. Qe3 $14 {stays ahead.}) 21... axb4 22. axb4 Bxf3 23. Qxf3 Qxf3 24. Nxf3 Nd5 25. Bg3 $2 {[%emt 0:00:23] [#] This costs White the game.} (25. Be3 $17) 25... Bxc5 $19 ({Weaker is} 25... Nxb4 26. Nd7 $17) 26. bxc5 (26. dxc5 {was worth a try.} Nxb4 27. Rc1) 26... Na5 27. Rc1 Rb2 {[%emt 0:00:05] Prevents Nd2. Strongly threatening ...c3.} 28. Rfd1 {[%emt 0:00:14] White is weak on the light squares} Rfb8 {[%emt 0:00:50] ...c3 is the strong threat.} 29. Kf1 c3 30. Ne1 Ra2 31. Nd3 $2 (31. Rd3) 31... Nb3 {[%emt 0:00:13][%csl LRc1,LRd4] Weighted Error Value: White=0.63/Black=0.31.  Loses game:     	White=1     	---        Mistake:       	White=4     	Black=2      Inaccurate:     	White=2     	---        OK:         	White=6     	Black=10     Best:        	White=2     	Black=2} 0-1

[Event "Czech Open Rapid G1 2024"]
[Site "Pardubice"]
[Date "2024.07.18"]
[Round "7.19"]
[White "Jurek, Josef"]
[Black "Kopriva, Martin"]
[Result "1-0"]
[Annotator "RC"]
[ECO "A80"]
[WhiteElo "2200"]
[BlackElo "2159"]
[PlyCount "97"]
[EventDate "2024.07.16"]
[EventType "swiss"]
[EventCountry "CZE"]
[SourceTitle "playchess.com"]
[Source "ChessBase"]
[SourceQuality "1"]
[TimeControl "1200+10"]

1. Nf3 g6 2. d4 f5 3. h4 Nf6 4. h5 Nxh5 5. Rxh5 gxh5 6. e4 Bg7 7. Nh4 O-O 8. Nxf5 e5 9. Qxh5 Qf6 10. Bg5 Qf7 11. Ne7+ Kh8 12. Qxf7 Rxf7 13. Nxc8 Nc6 14. Bc4 Bf6 15. Bxf7 Bxg5 16. dxe5 Nxe5 17. Bh5 Rxc8 18. g3 Bc1 19. Nd2 Bxb2 20. Rb1 Bc3 21. Be2 b6 22. Rb3 Bd4 23. f4 Nc6 24. Bg4 Rd8 25. e5 Kg7 26. Nf3 a5 27. Rd3 Bc5 28. Rxd7+ Rxd7 29. Bxd7 Nb4 30. Kd2 Nxa2 31. f5 h6 32. Be6 Bb4+ 33. Kd3 Nc3 34. f6+ Kf8 35. Nh4 Nd1 36. Ng6+ Ke8 37. Bd5 Nf2+ 38. Ke2 Ng4 39. Kf3 h5 40. Kf4 a4 41. Kf5 Ne3+ 42. Ke6 Nxd5 43. Kxd5 Kf7 44. Nh8+ Kf8 45. Kc4 a3 46. Kb3 b5 47. e6 a2 48. Kxa2 Bc3 49. Ng6+ 1-0

[Event "Czech Open Rapid G1 2024"]
[Site "Pardubice"]
[Date "2024.07.18"]
[Round "7.20"]
[White "Shilon Rahav, Eliran"]
[Black "Brendel, Oliver"]
[Result "1-0"]
[Annotator "RC"]
[ECO "B23"]
[WhiteElo "2055"]
[BlackElo "2291"]
[PlyCount "92"]
[EventDate "2024.07.16"]
[EventType "swiss"]
[EventCountry "CZE"]
[SourceTitle "playchess.com"]
[Source "ChessBase"]
[SourceQuality "1"]
[TimeControl "1200+10"]

1. e4 c5 2. Nc3 Nc6 3. Bb5 Nd4 4. Nf3 g6 5. Bc4 Bg7 6. Nxd4 cxd4 7. Qf3 Nf6 8. e5 dxc3 9. dxc3 Qb6 10. exf6 Qxf6 11. Qe4 O-O 12. Be3 d6 13. O-O-O Qe5 14. Qxe5 Bxe5 15. Bh6 Re8 16. Bb5 Rd8 17. Rhe1 Bf6 18. Be3 Be6 19. Bd4 Kg7 20. Rd3 a6 21. Ba4 b5 22. Bb3 Bxb3 23. cxb3 Bxd4 24. Rxd4 Rd7 25. a4 Rc8 26. Kd2 Rc5 27. b4 Rf5 28. f3 h5 29. b3 Kf6 30. c4 Rb7 31. Kc3 g5 32. Re3 Re5 33. Rxe5 dxe5 34. Rd5 e6 35. Rc5 Ke7 36. Rxe5 f6 37. Rc5 Kd6 38. axb5 axb5 39. Rxb5 Rxb5 40. cxb5 Kc7 41. Kd4 Kb6 42. Kc4 g4 43. f4 h4 44. g3 h3 45. Kd4 Kxb5 46. Kc3 f5 1-0

[Event "Czech Open Rapid G1 2024"]
[Site "Pardubice"]
[Date "2024.07.18"]
[Round "7.21"]
[White "Ptacek, Lubos"]
[Black "Mojzis, Jaroslav"]
[Result "1-0"]
[Annotator "RC"]
[ECO "C54"]
[WhiteElo "2036"]
[BlackElo "2068"]
[PlyCount "93"]
[EventDate "2024.07.16"]
[EventType "swiss"]
[EventCountry "CZE"]
[SourceTitle "playchess.com"]
[Source "ChessBase"]
[SourceQuality "1"]
[TimeControl "1200+10"]

1. e4 e5 2. Nf3 Nc6 3. Bc4 Bc5 4. c3 Nf6 5. d3 O-O 6. b4 Be7 7. O-O d5 8. exd5 Nxd5 9. Bb2 Nb6 10. Bb3 Bd6 11. Nbd2 h6 12. a4 a5 13. b5 Ne7 14. c4 Ng6 15. Qc2 Nd7 16. Ne4 Bb4 17. Rad1 Kh8 18. Bc3 Bxc3 19. Qxc3 Qe7 20. Rfe1 f5 21. Ng3 Qf6 22. Re2 Re8 23. Rde1 f4 24. Ne4 Qf5 25. c5 Nf6 26. b6 Be6 27. bxc7 Bxb3 28. Nd6 Qe6 29. Nxe5 Nxe5 30. Rxe5 Qg8 31. Rxe8 Nxe8 32. c8=Q Rxc8 33. Nxc8 Nf6 34. Nd6 Bxa4 35. Qxa5 Bc6 36. Qc7 Qd5 37. Qc8+ Ng8 38. Qg4 Qxc5 39. Qxf4 Nf6 40. d4 Qb4 41. Ra1 Qb3 42. h3 Qd5 43. Ra8+ Ng8 44. f3 b5 45. Rd8 Qe6 46. Qf5 Qe3+ 47. Kh2 1-0

[Event "Czech Open Rapid G1 2024"]
[Site "Pardubice"]
[Date "2024.07.18"]
[Round "7.22"]
[White "Dolensky, Filip"]
[Black "Sherman, Raem"]
[Result "1/2-1/2"]
[Annotator "RC"]
[ECO "C00"]
[WhiteElo "2085"]
[BlackElo "2358"]
[PlyCount "135"]
[EventDate "2024.07.16"]
[EventType "swiss"]
[EventCountry "CZE"]
[SourceTitle "playchess.com"]
[Source "ChessBase"]
[SourceQuality "1"]
[TimeControl "1200+10"]

1. e4 e6 2. Nf3 d5 3. e5 c5 4. b4 d4 5. b5 b6 6. Bc4 Bb7 7. d3 Nd7 8. Qe2 Qc7 9. Bf4 h6 10. h4 Ne7 11. h5 O-O-O 12. a4 g5 13. hxg6 Nxg6 14. Bg3 Bg7 15. Rh5 Kb8 16. Nbd2 Ne7 17. O-O-O Rdg8 18. Ne4 Nf5 19. Rxf5 exf5 20. Nd6 Re8 21. e6 f4 22. Nxe8 Rxe8 23. Bh2 fxe6 24. Re1 e5 25. Bxf4 Ka8 26. Bg3 Qd6 27. Nd2 Qg6 28. Ne4 Rf8 29. Kb2 Rf5 30. Ra1 Bf8 31. Qe1 Be7 32. a5 Kb8 33. a6 Ba8 34. Qe2 Kc7 35. Re1 Kd8 36. Rh1 h5 37. Rh2 Nf8 38. Bh4 Bxh4 39. Rxh4 Qxg2 40. Rxh5 Bxe4 41. Rxf5 Bxf5 42. Qxe5 Qg6 43. Qb8+ Bc8 44. Qxa7 Nd7 45. Qa8 Kc7 46. Qd5 Kb8 47. f4 Qf6 48. f5 Ne5 49. Bb3 Qe7 50. Qg8 c4 51. Bxc4 Nxc4+ 52. Qxc4 Qc7 53. Qxd4 Bxf5 54. Qd5 Bc8 55. c4 Qe7 56. Kb3 Ka7 57. Qc6 Bg4 58. Qg2 Bd1+ 59. Ka2 Be2 60. Qd5 Bg4 61. Qg2 Bf5 62. Qb7+ Qxb7 63. axb7 Bxd3 64. Kb3 Kxb7 65. Kb4 Kc7 66. c5 bxc5+ 67. Kxc5 Bxb5 68. Kxb5 1/2-1/2

[Event "Czech Open Rapid G1 2024"]
[Site "Pardubice"]
[Date "2024.07.18"]
[Round "7.23"]
[White "Krak, Tomas"]
[Black "Karpinets, Andrian"]
[Result "1/2-1/2"]
[Annotator "RC"]
[ECO "D31"]
[WhiteElo "2229"]
[BlackElo "1759"]
[PlyCount "107"]
[EventDate "2024.07.16"]
[EventType "swiss"]
[EventCountry "CZE"]
[SourceTitle "playchess.com"]
[Source "ChessBase"]
[SourceQuality "1"]
[TimeControl "1200+10"]

1. Nf3 d5 2. d4 Nf6 3. c4 e6 4. e3 a6 5. cxd5 exd5 6. Bd3 Bd6 7. Nc3 O-O 8. Qc2 Re8 9. Bd2 c6 10. O-O-O b5 11. Ng5 h6 12. Nf3 a5 13. e4 b4 14. e5 bxc3 15. Bxc3 Ne4 16. exd6 Qxd6 17. Ne5 Ba6 18. f3 Nxc3 19. Qxc3 c5 20. Rhe1 Bxd3 21. Nxd3 Rxe1 22. Rxe1 Nd7 23. dxc5 Nxc5 24. Qxc5 Qxc5+ 25. Nxc5 Rc8 26. Kd2 Rxc5 27. Kd3 a4 28. b4 axb3 29. axb3 Rb5 30. Kc3 Rc5+ 31. Kd3 Rb5 32. Rb1 Kf8 33. Kc3 Ke7 34. Ra1 Rc5+ 35. Kd3 Rb5 36. Kc3 Rc5+ 37. Kd3 Rb5 38. Kc3 Rc5+ 39. Kd4 Rb5 40. Ra3 Kd6 41. Ra7 Ke6 42. Kc3 Rc5+ 43. Kd4 Rb5 44. Ra6+ Ke7 45. Ra3 Kd6 46. Ra7 Ke6 47. Ra6+ Ke7 48. Kc3 Rc5+ 49. Kb2 d4 50. b4 Rc4 51. Kb3 Rc3+ 52. Kb2 Rc4 53. Kb3 Rc3+ 54. Kb2 1/2-1/2

[Event "Czech Open Rapid G1 2024"]
[Site "Pardubice"]
[Date "2024.07.18"]
[Round "7.24"]
[White "Freisler, Pavel"]
[Black "Filindash, Nikita"]
[Result "1-0"]
[Annotator "RC"]
[ECO "A09"]
[WhiteElo "2261"]
[BlackElo "2007"]
[PlyCount "55"]
[EventDate "2024.07.16"]
[EventType "swiss"]
[EventCountry "CZE"]
[SourceTitle "playchess.com"]
[Source "ChessBase"]
[SourceQuality "1"]
[TimeControl "1200+10"]

1. Nf3 d5 2. c4 e6 3. g3 Nf6 4. Bg2 d4 5. O-O c5 6. d3 Nc6 7. a3 Bd6 8. e3 O-O 9. exd4 cxd4 10. b4 e5 11. Re1 Re8 12. Nbd2 Bg4 13. h3 Bf5 14. Qb3 Rc8 15. c5 Bb8 16. Nc4 Qd7 17. b5 Nd8 18. Nfxe5 Bxe5 19. Nxe5 Qe6 20. Qxe6 Rxe6 21. Bb2 Rxc5 22. Bxd4 Rxb5 23. g4 Bg6 24. f4 Rd6 25. Bxa7 h6 26. f5 Bh7 27. a4 Ra5 28. Nc4 1-0

[Event "Czech Open Rapid G1 2024"]
[Site "Pardubice"]
[Date "2024.07.18"]
[Round "7.25"]
[White "Dostal, Radim"]
[Black "Ret, Adam Josef"]
[Result "1/2-1/2"]
[Annotator "RC"]
[ECO "B30"]
[WhiteElo "1961"]
[BlackElo "2085"]
[PlyCount "44"]
[EventDate "2024.07.16"]
[EventType "swiss"]
[EventCountry "CZE"]
[SourceTitle "playchess.com"]
[Source "ChessBase"]
[SourceQuality "1"]
[TimeControl "1200+10"]

1. e4 c5 2. Nf3 Nc6 3. Nc3 e5 4. Bc4 Be7 5. d3 d6 6. O-O Nf6 7. Ng5 O-O 8. f4 h6 9. Nf3 a6 10. a4 exf4 11. Bxf4 Ng4 12. Bb3 Bf6 13. Nd5 Bxb2 14. Rb1 Bd4+ 15. Nxd4 Nxd4 16. Nb6 Ra7 17. Nxc8 Qxc8 18. Bxd6 Nxb3 19. Rxb3 Ne3 20. Qe2 Nxf1 21. Bxf8 Qxf8 22. Qxf1 Qd8 1/2-1/2

[Event "Czech Open Rapid G1 2024"]
[Site "Pardubice"]
[Date "2024.07.18"]
[Round "7.26"]
[White "Stocek, Martin"]
[Black "Novotny, Josef"]
[Result "1-0"]
[Annotator "RC"]
[ECO "A40"]
[WhiteElo "2110"]
[BlackElo "2033"]
[PlyCount "61"]
[EventDate "2024.07.16"]
[EventType "swiss"]
[EventCountry "CZE"]
[SourceTitle "playchess.com"]
[Source "ChessBase"]
[SourceQuality "1"]
[TimeControl "1200+10"]

1. d4 e6 2. c4 d6 3. Nc3 Nc6 4. Nf3 h6 5. e4 Nf6 6. h3 Be7 7. Be3 a6 8. Bd3 e5 9. d5 Nb8 10. b4 Nbd7 11. O-O g5 12. Nd2 Nf8 13. c5 Ng6 14. Nc4 g4 15. cxd6 cxd6 16. Bb6 Qd7 17. Bc2 gxh3 18. Ba4 hxg2 19. Re1 Kf8 20. Bxd7 Bxd7 21. f3 Rc8 22. Qb3 Nf4 23. Be3 Nh3+ 24. Kxg2 Nh5 25. Nb6 N3f4+ 26. Bxf4 Nxf4+ 27. Kh2 Rd8 28. Nxd7+ Rxd7 29. Ne2 Bg5 30. Nxf4 Bxf4+ 31. Kh1 1-0

[Event "Czech Open Rapid G1 2024"]
[Site "Pardubice"]
[Date "2024.07.18"]
[Round "7.27"]
[White "Tyshniuk, Roman"]
[Black "Novotny, Dominik"]
[Result "1-0"]
[Annotator "RC"]
[ECO "D31"]
[WhiteElo "1903"]
[BlackElo "1921"]
[PlyCount "75"]
[EventDate "2024.07.16"]
[EventType "swiss"]
[EventCountry "CZE"]
[SourceTitle "playchess.com"]
[Source "ChessBase"]
[SourceQuality "1"]
[TimeControl "1200+10"]

1. d4 d5 2. c4 e6 3. Nc3 a6 4. cxd5 exd5 5. Nf3 h6 6. Bf4 Nf6 7. e3 Bd6 8. Bxd6 Qxd6 9. Bd3 Bg4 10. h3 Bxf3 11. Qxf3 Nbd7 12. O-O O-O 13. a3 c6 14. b4 Nb6 15. Rab1 Qe7 16. a4 Nc8 17. b5 axb5 18. axb5 Nd6 19. bxc6 bxc6 20. Rfc1 Nfe4 21. Bxe4 dxe4 22. Qh5 f5 23. Ne2 Ra6 24. Nf4 Rf6 25. Ng6 Qe8 26. Qe2 Nb5 27. Rxb5 Rxg6 28. Rxf5 Qe6 29. Qxa6 Qxf5 30. Rxc6 Rg5 31. Qc8+ Qxc8 32. Rxc8+ Kf7 33. Rc5 Rxc5 34. dxc5 Ke6 35. Kh2 Kd5 36. Kg3 g5 37. Kg4 Kxc5 38. Kf5 1-0

[Event "Czech Open Rapid G1 2024"]
[Site "Pardubice"]
[Date "2024.07.18"]
[Round "7.28"]
[White "Flasar, Jaroslav"]
[Black "Kroulik, Vaclav"]
[Result "0-1"]
[Annotator "RC"]
[ECO "B92"]
[WhiteElo "2012"]
[BlackElo "1976"]
[PlyCount "74"]
[EventDate "2024.07.16"]
[EventType "swiss"]
[EventCountry "CZE"]
[SourceTitle "playchess.com"]
[Source "ChessBase"]
[SourceQuality "1"]
[TimeControl "1200+10"]

1. e4 c5 2. Nf3 d6 3. d4 cxd4 4. Nxd4 Nf6 5. Nc3 Nc6 6. Be2 e5 7. Nb3 Be7 8. O-O O-O 9. Be3 a6 10. f3 Be6 11. Nd5 Bxd5 12. exd5 Nb8 13. c4 Nbd7 14. Rc1 b6 15. Nd2 a5 16. a3 a4 17. Nb1 Nc5 18. Nc3 Nfd7 19. f4 e4 20. f5 Bg5 21. Bxg5 Qxg5 22. Qc2 Qe3+ 23. Kh1 Nd3 24. Bxd3 exd3 25. Qd1 Nc5 26. f6 g6 27. Rf3 Qg5 28. Nb5 Rfe8 29. h4 Qxh4+ 30. Rh3 Qg5 31. Nxd6 d2 32. Rb1 Re1+ 33. Qxe1 dxe1=Q+ 34. Rxe1 Qxf6 35. Nb5 Nd3 36. Rhe3 Nxe1 37. Rxe1 Qh4+ 0-1

[Event "Czech Open Rapid G1 2024"]
[Site "Pardubice"]
[Date "2024.07.18"]
[Round "7.29"]
[White "Kastner, Oldrich"]
[Black "Skoloud, Barnabas"]
[Result "1-0"]
[Annotator "RC"]
[ECO "D92"]
[WhiteElo "2004"]
[BlackElo "1914"]
[PlyCount "73"]
[EventDate "2024.07.16"]
[EventType "swiss"]
[EventCountry "CZE"]
[SourceTitle "playchess.com"]
[Source "ChessBase"]
[SourceQuality "1"]
[TimeControl "1200+10"]

1. d4 d5 2. Bf4 Nf6 3. e3 g6 4. Nf3 Bg7 5. c4 c6 6. Nc3 Nbd7 7. cxd5 Nxd5 8. Bg3 O-O 9. Bc4 N7b6 10. Bb3 Bg4 11. h3 Bf5 12. O-O Rc8 13. Re1 Nxc3 14. bxc3 c5 15. Ne5 c4 16. Bc2 Bxc2 17. Qxc2 Nd7 18. Nf3 Re8 19. Qa4 a6 20. Reb1 Nb6 21. Qa5 Nd5 22. Qa3 b5 23. e4 Nf6 24. Re1 Ra8 25. Rab1 Nd7 26. Qb4 Bf8 27. Qb2 Nb6 28. Qd2 e6 29. Bh4 Qd6 30. Bf6 Bg7 31. e5 Qa3 32. Qg5 Nd5 33. Re4 h6 34. Qh4 Nxc3 35. Rg4 Nxb1 36. Bxg7 Nc3 37. Bf6 1-0

[Event "Czech Open Rapid G1 2024"]
[Site "Pardubice"]
[Date "2024.07.18"]
[Round "7.30"]
[White "Dehmel, Jens"]
[Black "Pejrimovska, Viola Ruby"]
[Result "1-0"]
[Annotator "RC"]
[ECO "E65"]
[WhiteElo "1980"]
[BlackElo "1780"]
[PlyCount "95"]
[EventDate "2024.07.16"]
[EventType "swiss"]
[EventCountry "CZE"]
[SourceTitle "playchess.com"]
[Source "ChessBase"]
[SourceQuality "1"]
[TimeControl "1200+10"]

1. d4 Nf6 2. c4 c5 3. Nf3 g6 4. g3 Bg7 5. Bg2 O-O 6. O-O cxd4 7. Nxd4 d6 8. Nc3 a5 9. h3 Nbd7 10. Be3 Ne5 11. b3 h6 12. Qd2 Kh7 13. Rac1 Nh5 14. Kh2 f5 15. f4 Nf7 16. Bg1 e5 17. Ndb5 exf4 18. gxf4 Ne5 19. Bf2 Nxf4 20. Qxf4 Nd3 21. Qf3 Nxc1 22. Rxc1 Be5+ 23. Kh1 g5 24. Nd5 g4 25. Qd3 Rg8 26. Nd4 Qg5 27. e3 gxh3 28. Bf3 h2 29. Nb6 Kh8 30. Nxc8 Raxc8 31. Qxf5 Rcf8 32. Qxg5 Rxg5 33. e4 Rfg8 34. Nf5 Bf4 35. Rd1 Kh7 36. Nxd6 Bxd6 37. Rxd6 Rg1+ 38. Kxh2 Rf1 39. Rd7+ Kg6 40. Rd2 Rf8 41. Kg2 Ra1 42. e5 Rc1 43. e6 Kf6 44. Bd5 Rg8+ 45. Kh2 Ke7 46. Bh4+ Ke8 47. Bxb7 Kf8 48. e7+ 1-0

[Event "Czech Open Rapid G1 2024"]
[Site "Pardubice"]
[Date "2024.07.18"]
[Round "7.31"]
[White "Sichrovsky, Tomas"]
[Black "Dorokhina, Elizaveta"]
[Result "0-1"]
[Annotator "RC"]
[ECO "D36"]
[WhiteElo "1933"]
[BlackElo "1962"]
[PlyCount "166"]
[EventDate "2024.07.16"]
[EventType "swiss"]
[EventCountry "CZE"]
[SourceTitle "playchess.com"]
[Source "ChessBase"]
[SourceQuality "1"]
[TimeControl "1200+10"]

1. d4 e6 2. c4 Nf6 3. Nc3 d5 4. cxd5 exd5 5. Bg5 Be7 6. e3 c6 7. Bd3 h6 8. Bh4 O-O 9. Qc2 Re8 10. Nge2 a5 11. O-O Na6 12. a3 Nc7 13. f3 b5 14. Bf2 Ba6 15. Ng3 Ne6 16. Rfd1 Qb6 17. Nf5 Bf8 18. Rac1 Qb7 19. a4 b4 20. Ne2 Bxd3 21. Qxd3 c5 22. b3 Rac8 23. dxc5 Nxc5 24. Qb1 Qa6 25. Nfd4 g6 26. Nb5 h5 27. Ned4 Bh6 28. Re1 Nfd7 29. Rcd1 Ne5 30. Bg3 Qf6 31. Kh1 h4 32. Bxe5 Rxe5 33. f4 Ree8 34. Nf3 Red8 35. Nbd4 Ne4 36. Qb2 Bg7 37. Rc1 Qe7 38. Qe2 Nc3 39. Qa6 Ra8 40. Qf1 Rdc8 41. Nb5 Ne4 42. Nfd4 Bf6 43. Rxc8+ Rxc8 44. Rc1 Qd7 45. Rxc8+ Qxc8 46. f5 g5 47. Qe1 Qc5 48. Kg1 Kg7 49. g3 hxg3 50. hxg3 Be5 51. g4 Bg3 52. Qe2 Qc1+ 53. Kg2 Be5 54. f6+ Bxf6 55. Nf5+ Kf8 56. Nbd4 Qd2 57. Kf3 Qxe2+ 58. Kxe2 Nc5 59. Kd2 Ke8 60. Nd6+ Ke7 61. N6f5+ Kd7 62. Kc2 Be5 63. Kd2 Ne4+ 64. Ke2 Nc5 65. Kd2 Ne6 66. Nb5 f6 67. Ke2 Nc5 68. Nbd4 Bxd4 69. Nxd4 Kd6 70. Kf3 Ne4 71. Ke2 Nc5 72. Kf3 Nd7 73. Nf5+ Kc6 74. Nd4+ Kc5 75. Ne6+ Kd6 76. Nd4 Ne5+ 77. Kg3 Nc6 78. Nf5+ Ke5 79. Kf3 d4 80. e4 d3 81. Ke3 d2 82. Kxd2 Kxe4 83. Kc2 Nd4+ 0-1

[Event "Czech Open Rapid G1 2024"]
[Site "Pardubice"]
[Date "2024.07.18"]
[Round "7.32"]
[White "Rous, Dominik"]
[Black "Moeller, Tom"]
[Result "0-1"]
[Annotator "NA RC"]
[ECO "D04"]
[WhiteElo "1719"]
[BlackElo "1842"]
[PlyCount "82"]
[EventDate "2024.07.16"]
[EventType "swiss"]
[EventCountry "CZE"]
[SourceTitle "playchess.com"]
[Source "ChessBase"]
[SourceQuality "1"]
[TimeControl "1200+10"]

1. Nf3 d5 2. b3 Nf6 3. Bb2 g6 4. e3 Bg7 5. d4 Bg4 6. h3 Bxf3 7. Qxf3 c6 8. Nd2 Nbd7 9. Bd3 Qc7 10. O-O O-O 11. c4 e6 12. Rac1 Rfe8 13. Rfd1 Rac8 14. Qe2 Qb8 15. Nf3 h6 16. Qc2 Nh7 17. Nh4 Ndf8 18. Rb1 f5 19. Qe2 g5 20. Nf3 Nf6 21. Ba3 Ne4 22. Bxe4 fxe4 23. Nh2 Ng6 24. Qh5 Kh7 25. cxd5 exd5 26. b4 a6 27. Bc1 Rf8 28. a4 Rxf2 29. Nf3 Qg3 30. Qg4 Rxg2+ 31. Kh1 exf3 32. Qxg3 Rxg3 33. Kh2 Rg2+ 34. Kh1 Nh4 35. Rf1 Rf8 36. b5 Rf7 37. bxc6 bxc6 38. Ba3 f2 39. Bd6 Rf3 40. Bh2 Rxh3 41. Rxf2 Rhxh2# 0-1